 Dungeon Crawl Stone Soup version 0.30-b1-2-g02819fbbbe (webtiles) character file.

Game seed: 16654572363657116087

115213 MackTheKnife the Nimble (level 16, -14/93 HPs)
             Began as a Vine Stalker Berserker on May 17, 2023.
             Was a High Priest of Trog.
             Killed from afar by a salamander tyrant (27 damage)
             ... on level 4 of the Snake Pit.
             The game lasted 00:48:41 (10918 turns).

MackTheKnife the Nimble (Vine Stalker Berserker)   Turns: 10918, Time: 00:48:42

Health: -14/93     AC: 14    Str: 21    XL:     16   Next: 68%
Magic:  0/17       EV: 26    Int:  4    God:    Trog [*****.]
Gold:   880        SH:  8    Dex: 31    Spells: 15/15 levels left

rFire   . . .        Q - +6 rapier (venom) {short}
rCold   + . .        c - +0 buckler
rNeg    + . .        I - +0 ring mail of the Spider Nest {Drain rPois rC+}
rPois   +            (helmet restricted)
rElec   +            o - +0 cloak
rCorr   +            p - +2 pair of gloves {Stlth+}
SInv    +            y - +2 pair of boots
Will    +++++        E - amulet of the Four Winds {rN+ Will+++ Clar}
Stlth   ++++++++     q - ring "Kuraanoets" {Will+ rCorr Int-3 Dex+4}
HPRegen 1.15/turn    C - ring "Reaproprul" {Contam rElec Dex+6 SInv Stlth+}
MPRegen 0.15/turn

%: clarity, guardian spirit
@: weakened
A: fangs 3, regeneration 1, magic shield, antimagic bite, no potion heal 2,
horns 1
a: Renounce Religion, Berserk, Trog's Hand, Brothers in Arms


You were on level 4 of the Snake Pit.
You worshipped Trog.
Trog was extremely pleased with you.
You visited 6 branches of the dungeon, and saw 25 of its levels.
You also visited: Bailey, Gauntlet and Ice Cave.

You collected 1122 gold pieces.
You spent 242 gold pieces at shops.


Innate Abilities, Weirdness & Mutations

You have razor-sharp teeth.
Your natural rate of healing is unusually fast.
When hurt, damage is shared between your health and your magic reserves.
Your bite disrupts and absorbs the magic of your enemies.
Potions cannot restore your health.
You have a pair of small horns on your head.


   Skills:
 - Level 14.0 Fighting
 - Level 12.0 Short Blades
 - Level 7.1 Armour
 - Level 14.5 Dodging
 + Level 14.0 Stealth
 - Level 5.5 Shields


You had 15 spell levels left.
You didn't know any spells.
Your spell library contained the following spells:

 Spells                   Type           Power      Damage    Failure   Level
 Freeze                   Ice            0%         1d3       71%         1
 Frozen Ramparts          Ice            0%         1d1       97%         3
 Hailstorm                Conj/Ice       0%         3d3       97%         3
 Spider Form              Tmut/Pois      0%         N/A       97%         3
 Stone Arrow              Conj/Erth      0%         3d7       97%         3
 Leda's Liquefaction      Hex/Erth       0%         N/A       100%        4
 Alistair's Intoxication  Tmut/Pois      0%         N/A       100%        5
 Summon Mana Viper        Hex/Summ       0%         N/A       100%        5
 Iron Shot                Conj/Erth      0%         9d1       100%        6
 Simulacrum               Ice/Necr       0%         N/A       100%        6

Inventory:

Hand Weapons
 i - a +1 dagger of venom {short}
   (You found it on level 3 of the Dungeon)
 j - a +2 dagger of draining {short}
   (You took it off a kobold on level 4 of the Dungeon)
 Q - a +6 rapier of venom (weapon) {short}
   (Trog gifted it to you on level 1 of the Elven Halls)
Armour
 c - a +0 buckler (worn)
   (You found it on level 1 of the Dungeon)
 h - a +1 tower shield of cold resistance
   (You found it in an ice cave)
 o - a +0 cloak (worn)
   (You took it off Maurice on level 8 of the Dungeon)
 p - a +2 pair of gloves of stealth (worn)
   (You found it in a bailey)
 t - a +3 leather armour of resistance
   (You found it in an ice cave)
 y - a +2 pair of boots (worn)
   (You found it on level 9 of the Dungeon)
 I - the +0 ring mail of the Spider Nest (worn) {Drain rPois rC+}
   (You found it on level 1 of the Lair of Beasts)

   rC:        It protects you from cold.
   rPois:     It protects you from poison.
   Drain:     It drains your maximum health when unequipped.
Magical Staves
 n - a staff of conjuration {forbidden!a@e2staff}
   (You found it on level 1 of the Snake Pit)
Jewellery
 m - a ring of positive energy
   (You took it off a deep elf zephyrmancer on level 1 of the Elven Halls)
 q - the ring "Kuraanoets" (left hand) {Will+ rCorr Int-3 Dex+4}
   (You found it in a bailey)

   [ring of resist corrosion]

   Int:       It affects your intelligence (-3).
   Dex:       It affects your dexterity (+4).
   rCorr:     It protects you from acid and corrosion.
   Will:      It increases your willpower.
 w - a ring of willpower
   (You found it on level 9 of the Dungeon)
 C - the ring "Reaproprul" (right hand) {Contam rElec Dex+6 SInv Stlth+}
   (You found it in a Gauntlet)

   [ring of dexterity]

   Dex:       It affects your dexterity (+6).
   rElec:     It insulates you from electricity.
   SInv:      It lets you see invisible.
   Contam:    It causes magical contamination when unequipped.
   Stlth:     It makes you more stealthy.
 E - the amulet of the Four Winds (around neck) {rN+ Will+++ Clar}
   (You found it on level 10 of the Dungeon)

   [amulet of nothing]

   rN:        It protects you from negative energy.
   Clar:      It protects you from confusion, rage, mesmerisation and fear.
   Will:      It greatly increases your willpower.
 J - the ring "Nalus" {rF+ rC+ Int+5 Dex+3 Slay-5}
   (You found it in an ice cave)

   [ring of protection from cold]

   Int:       It affects your intelligence (+5).
   Dex:       It affects your dexterity (+3).
   Slay:      It affects your accuracy & damage with ranged weapons and melee
   (-5).
   rF:        It protects you from fire.
   rC:        It protects you from cold.
Wands
 k - a wand of mindburst (12)
   (You found it on level 11 of the Dungeon)
 A - a wand of flame (17)
   (You took it off a kobold brigand on level 10 of the Dungeon)
 D - a wand of roots (2)
   (You found it on level 11 of the Dungeon)
 R - a wand of charming (2)
   (You took it off a deep elf zephyrmancer on level 1 of the Elven Halls)
Scrolls
 e - 2 scrolls of blinking {!r}
 f - a scroll of vulnerability {!r!r}
 g - 4 scrolls of teleportation {@r4}
 r - a scroll of poison {!r}
 F - 4 scrolls of fear
 G - 4 scrolls of enchant weapon
 L - a scroll of torment {!r}
 M - a scroll of fog
Potions
 a - 4 potions of mutation {!q}
 b - 2 potions of attraction {!q}
 l - 3 potions of berserk rage {!q}
 s - a potion of ambrosia
 v - a potion of cancellation {unknown}
 x - a potion of curing {@q1}
 z - 3 potions of haste {@q3}
 H - a potion of resistance {unknown}
 K - a potion of magic
 N - 2 potions of flight {unknown}
 O - 2 potions of might
 P - 2 potions of lignification {!q}

Dungeon Overview and Level Annotations

Branches:
Dungeon (11/15) Zot: 25754  Temple (1/1) D:7 Zot: 5998    Lair (5/5) D:8 Zot: 25826
 Shoals (0/4) Lair:3        Snake (4/4) Lair:3 Zot: 22600   Slime (0/5) Lair:5
    Orc (2/2) D:11 Zot: 11271     Elf (2/3) Orc:2 Zot: 11022  Bailey (visited)
  IceCv (visited)         Gauntlet (visited)

Altars:
Ashenzari
Dithmenos
Elyvilon
Fedhas
Gozag
Hepliaklqana
Makhleb
Ru
Sif Muna
Trog
Vehumet
Xom
Yredelemnul

Shops:
D:8 [   Orc:2 *!=:

Portals:
Pandemonium: Orc:2

Annotations:
D:5 1 runed translucent door, Suckerboh's ghost, novice MiFi
D:10 3 runed translucent doors, exclusion: obsidian statue, sastreii's ghost, journeyman DrHu
Lair:5 1 runed translucent door
Snake:4 3 runed translucent doors, Elinuc's ghost, adept DEHW; Vashnia

#...#.####....#§N§.8)N.8....#
#.).#.##...#.##S§S§§......⌠.#
##)##........#§§N§§8.N.8N.N.N
#)))......###.§S§§.S..
#)##.....^###..§§N8NN.
###..#......#..N⌠S:..N
###..##......#.....8N..
#............#.....NN..
#...###......#@....8.N. #...
##.....#..⌠..N.S #...
#.....#!....8.. ###.
###...##..N.... ## #...#
...##.. ##### #... . ....
#....


You could see Vashnia (strong), a nagaraja (wandering, strong), 2 naga warriors,
a naga sharpshooter (strong), a salamander tyrant (strong), 2 salamander
mystics, 2 salamanders, 3 anacondas, a naga ritualist (strong), a guardian
serpent, a black mamba and a naga (strong).


Message History

The guardian serpent barely misses you. You block the naga mage's attack.
The naga mage completely misses you.
The nagaraja hits you with a +3 halberd!!
* * * LOW HITPOINT WARNING * * *
The nagaraja grabs you. The nagaraja constricts you.
* * * LOW HITPOINT WARNING * * *
A salamander mystic comes into view. It is wielding a +0 quarterstaff.
The nagaraja hits you with a +0 whip!
* * * LOW HITPOINT WARNING * * *
The naga ritualist spits poison at you. You block the splash of poison.
You hear an angry hiss.
You hear a shout! 😨 HP[-39] MP[-10]
You take 39 damage, and now have 28/93 hp.
MASSIVE DAMAGE!! (PAUSE)
You lost 10 mp, and now have 7/17 mp.
Really read
e - 5 scrolls of blinking {!r}?
Blink to where?
Press: ? - help, Dir - move target The nagaraja's grasp on you weakens, but your attempt to escape fails.
As you read the scroll of blinking {!r}, it crumbles to dust.
Your surroundings seem slightly different.
The nagaraja loses its grip on you.
A naga warrior, a nagaraja, an anaconda and a salamander come into view.
The salamander is wielding a +1 halberd of venom.
You feel very sick.
You are more poisoned.
The nagaraja's magic is no longer disrupted.
The naga mage spits poison at you. The splash of poison misses you.
The nagaraja completely misses you.
The salamander mystic casts a spell at the naga warrior.
The naga warrior seems to speed up.
You block the guardian serpent's attack.
The nagaraja points at you and mumbles some strange words.
The bolt of poison hits the naga mage.
The bolt of poison hits you!
You are more poisoned.
You resist.
* * * LOW HITPOINT WARNING * * *
Unknown command. 😱 HP[-7]
You take 7 damage, and now have 21/93 hp.
Unknown command.
Really read
e - 4 scrolls of blinking {!r}?
Blink to where?
Press: ? - help, Dir - move target A guardian serpent, 2 anacondas, Vashnia and 7 nagas come into view.
A nagaraja is wielding a +0 flail of venom.
A naga ritualist is wielding a +0 mace of holy wrath.
Vashnia is wielding a +2 glaive of freezing and wearing a +0 barding of fire resistance.
As you read the scroll of blinking {!r}, it crumbles to dust.
* * * LOW HITPOINT WARNING * * *
You feel very sick.
The naga shouts!
The naga warrior shouts!
You hear a shout!
A black mamba comes into view.
A naga sharpshooter comes into view. It is wielding a +0 battleaxe.
The naga warrior roars a battlecry!
The nagas go into a battle-frenzy!
The salamander wields a +0 shortbow of flaming.
It bursts into flame!
The salamander shoots an arrow.
The arrow completely misses you.
The salamander mystic gestures at the anaconda while chanting.
The anaconda seems to speed up.
The naga shouts!
Unknown command.
Unknown command. 😱 HP[-5]
You take 5 damage, and now have 16/93 hp.
Unknown command.
Unknown command.
Okay, then.
As you read the scroll of fog, it crumbles to dust.
The scroll dissolves into smoke.
* * * LOW HITPOINT WARNING * * *
You feel very sick.
You hear an angry hiss.
The naga warrior roars a battlecry!
The nagas go into a battle-frenzy!
The salamander shoots an arrow.
The arrow hits you but does no damage.
The salamander tyrant gazes fiercely through you!
You feel your attacks grow feeble.
You hear a shout! 😱 HP[-5]
You take 5 damage, and now have 11/93 hp.
Unknown command.
Unknown command.
Your system rejects the healing.
You feel better.
You hear a shout! x2
You block the anaconda's attack.
The anaconda bites you but does no damage.
You hear a shout! x2 😱 HP[+1] Unknown command.
Really read
e - 3 scrolls of blinking {!r}?
Blink to where?
Press: ? - help, Dir - move target A salamander mystic comes into view.
It is wielding a +0 quarterstaff.
As you read the scroll of blinking {!r}, it crumbles to dust.
You hear an angry hiss.
The salamander tyrant rends the earth beneath you!
The blast of magma engulfs you!!
You die...

Skill      XL: |  1  2  3  4  5  6  7  8  9 10 11 12 13 14 15 16 |
---------------+-------------------------------------------------+-----
Short Blades   | 3 4 5 7 8 12 | 12.0
Fighting       | 4 7 9 10 13 14 | 14.0
Armour         | 2 5 7 |  7.1
Dodging        | 2 5 7 11 14 | 14.5
Shields        | 2 5 |  5.5
Stealth        | 6 14 | 14.0

Action                     |  1- 3 |  4- 6 |  7- 9 | 10-12 | 13-15 | 16-18 || total
---------------------------+-------+-------+-------+-------+-------+-------++-------
  Melee: Short sword       |    49 |       |       |       |       |       ||    49
         Bite              |    13 |    30 |    45 |   358 |   750 |   150 ||  1346
         Dagger            |       |    97 |   166 |   807 |  1172 |       ||  2242
         Rapier            |       |       |       |       |   386 |   323 ||   709
         Headbutt          |       |       |       |       |   139 |   101 ||   240
  Throw: Dart              |       |       |       |     3 |       |       ||     3
 Invoke: Berserk           |     2 |     1 |     7 |     6 |    12 |     2 ||    30
         Brothers in Arms  |       |       |       |     4 |     8 |     2 ||    14
         Trog's Hand       |       |       |       |       |     1 |     4 ||     5
  Evoke: Wand              |       |       |    13 |     3 |     3 |       ||    19
    Use: Scroll            |       |       |     1 |    10 |    12 |    11 ||    34
         Potion            |       |       |       |       |     2 |     4 ||     6
   Stab: Sleeping          |     1 |       |       |     2 |     7 |     8 ||    18
         Paralysed         |       |       |     1 |       |       |       ||     1
         Distracted        |       |       |       |       |     3 |       ||     3
 Armour: Animal skin       |     2 |       |       |       |       |       ||     2
         Chain mail        |     5 |    49 |    43 |       |       |       ||    97
         Scale mail        |       |       |    16 |   156 |       |       ||   172
         Ring mail         |       |       |       |    21 |   244 |    39 ||   304
  Dodge: Dodged            |    19 |    37 |    74 |   303 |  1116 |   242 ||  1791
  Block: Buckler           |    10 |    10 |    26 |   153 |   464 |   112 ||   775

Levels and vault maps discovered:
D:1:      dpeg_arrival_tiny_h, layout_rooms
D:2:      layout_basic
D:3:      layout_basic, small_statue_intersection, uniq_terence
D:4:      layout_gridville, nicolae_qazlal_style_of_elements,
          kennysheep_mini_moat
D:5:      layout_basic, chei_slow_surprise, nicolae_tso_carved_into_rock,
          nemelex_dance_club_becter, gammafunk_ghost_grave
D:6:      layout_gridville, nicolae_ru_great_annihilating_truth,
          regret_index_temple_of_mockery, amcnicky_altar_gilded,
          minmay_misc_feat_iff, uniq_grinder, uniq_maggie
D:7:      layout_layer_cave, mainiacjoe_overflow_cross_hatched,
          minmay_temple_entry_statues_fountains, dreamdust_princess_bridge
D:8:      layout_gridville, lemuel_tele_altar, lair_entry_dummy, enter_bailey_4,
          serial_shops, shop, guppyfry_shop_venom, uniq_maurice
D:9:      layout_cross, mainiacjoe_overflow_small_starburst,
          evilmike_ruin_ashenzari, serial_gnoll_camp, gnoll_camp_mini_sergeant,
          gnoll_camp_mini_house, gnoll_camp_mini_house, gnoll_camp_mini_hut,
          gnoll_camp_huts_basic
D:10:     minmay_octagon_keep, layout_loops_cross, nicolae_vehumet_altar_sigil,
          ebering_ghost_gozag, blue_anna_alchemist
D:11:     layout_loops_cross, orc_0_dummy
Temple:   hellmonk_temple_rainy
Lair:1:   layout_long_grid, portal_ice_cave_entry_imps, uniq_nergalle
Lair:2:   layout_cave_pods, gauntlet_entry_generic,
          chequers_serial_rivers_small_a
Lair:3:   layout_roguey, nicolae_shoals_entry_roost, dummy_snake_entry,
          gammafunk_ghost_wrathful_warriors, infiniplex_staircase_pool,
          grunt_megastairs_1
Lair:4:   layout_regular_city, grunt_megastairs_3
Lair:5:   hangedman_lair_caniforms_friends, layout_small_grid, slime_entry_2,
          grunt_megastairs_5
Snake:1:  layout_misc_corridors, serial_bayou_shore_a
Snake:2:  layout_rooms, serial_bayou_lagoon_a, nicolae_large_snake_swirl
Snake:3:  layout_cave_pods
Snake:4:  grunt_snake_rune_serpentine_throne, layout_misc_corridors,
          gammafunk_ghost_split, nicolae_snake_squiggles
Orc:1:    layout_caves, basic_altar, uniq_snorg
Orc:2:    pf_orc_diabolical, layout_caves, serial_shops, shop
Elf:1:    nicolae_elf_arrival_fired_up, layout_geoelf_octagon,
          minmay_elf_necromancy
Elf:2:    nicolae_elf_blades_splatter_lattice
          [nicolae_blade_entry_area_security], layout_gridlike,
          gammafunk_ghost_grave

Notes
Turn   | Place    | Note
-------+----------+-------------------------------------------
     0 | D:1      | MackTheKnife the Vine Stalker Berserker began the quest for
                  | the Orb.
     0 | D:1      | Reached XP level 1. HP: 11/11 MP: 2/2
     0 | D:1      | magus.rc [v1.9.6]
    54 | D:1      | Reached skill level 3 in Short Blades
   105 | D:2      | Reached XP level 2. HP: 16/16 MP: 3/3
   272 | D:3      | Reached XP level 3. HP: 14/19 MP: 1/4
   283 | D:3      | Noticed Terence
   295 | D:3      | Killed Terence
   296 | D:3      | Reached skill level 4 in Short Blades
   329 | D:3      | Gained mutation: Your natural rate of healing is unusually
                  | fast. [Vine Stalker growth]
   329 | D:3      | Reached XP level 4. HP: 23/23 MP: 5/5
   645 | D:3      | Noticed a scorpion
   654 | D:3      | Killed a scorpion
   655 | D:3      | Reached skill level 5 in Short Blades
   655 | D:3      | Reached XP level 5. HP: 14/27 MP: 3/6
   701 | D:4      | Reached ** piety under Trog
   735 | D:4      | Reached XP level 6. HP: 32/32 MP: 7/7
   749 | D:4      | Reached skill level 6 in Short Blades
   769 | D:4      | Found a white marble altar of Elyvilon.
   840 | D:5      | Entered Level 5 of the Dungeon
   842 | D:5      | Found a runed translucent door.
   842 | D:5      | Noticed Suckerboh's ghost (novice MiFi)
  1033 | D:6      | Reached skill level 7 in Short Blades
  1033 | D:6      | Reached XP level 7. HP: 17/35 MP: 3/8
  1064 | D:6      | Found a sacrificial altar of Ru.
  1101 | D:6      | Found a shimmering altar of Xom.
  1102 | D:6      | Found a hazy altar of Hepliaklqana.
  1103 | D:6      | Noticed a spectral ugly thing
  1126 | D:7      | Found a bloodstained altar of Trog.
  1161 | D:7      | magus.rc [v1.9.6]
  1210 | D:7      | Found a staircase to the Ecumenical Temple.
  1221 | D:7      | Reached skill level 8 in Short Blades
  1227 | Temple   | Entered the Ecumenical Temple
  1444 | D:8      | Noticed Maurice
  1445 | D:8      | Noticed a steam dragon
  1460 | D:8      | Killed Maurice
  1461 | D:8      | Reached skill level 4 in Fighting
  1461 | D:8      | Gained mutation: You have razor-sharp teeth. [Vine Stalker
                  | growth]
  1461 | D:8      | Reached XP level 8. HP: 42/42 MP: 9/9
  1464 | D:8      | Reached skill level 5 in Fighting
  1506 | D:8      | Found a flagged portal.
  1521 | Bailey   | Entered a bailey
  1576 | Bailey   | Reached skill level 6 in Fighting
  1583 | Bailey   | HP: 14/67 [orc warrior/+0 glaive (6)]
  1585 | Bailey   | Reached skill level 7 in Fighting
  1585 | Bailey   | Reached XP level 9. HP: 17/50 MP: 5/10
  1602 | Bailey   | Reached *** piety under Trog
  1625 | Bailey   | Noticed an orc knight
  1633 | Bailey   | Found a large runed translucent door.
  1633 | Bailey   | Found a large runed translucent door.
  1639 | Bailey   | Killed an orc knight
  1640 | Bailey   | Reached skill level 8 in Fighting
  1640 | Bailey   | Noticed a deep elf zephyrmancer
  1703 | Bailey   | Killed a deep elf zephyrmancer
  1704 | Bailey   | Reached skill level 9 in Fighting
  1723 | Bailey   | Identified the ring "Kuraanoets" {Will+ rCorr Int-3 Dex+4}
  1731 | Bailey   | You add the spells Stone Arrow, Leda's Liquefaction, Iron
                  | Shot and Simulacrum to your library.
  1731 | Bailey   | Got the Incunable of Nightshade and Detritus {forbidden}
  1861 | D:8      | Noticed a troll
  1884 | D:8      | Killed a troll
  1885 | D:8      | Reached skill level 2 in Armour
  1885 | D:8      | Reached skill level 2 in Dodging
  1904 | D:8      | Identified the +3 leather armour "Ohucior" {rN+++ Will+
                  | Int-5 Dex-3}
  1978 | D:9      | Noticed a two-headed ogre
  1999 | D:9      | Reached XP level 10. HP: 58/58 MP: 11/11
  2092 | D:9      | Found a broken altar of Ashenzari.
  2127 | D:9      | Reached skill level 3 in Armour
  2127 | D:9      | Reached skill level 3 in Dodging
  2240 | D:9      | Found a shimmering blue altar of Sif Muna.
  2289 | D:9      | Reached **** piety under Trog
  2379 | D:9      | Killed a two-headed ogre
  2380 | D:9      | Reached skill level 4 in Armour
  2380 | D:9      | Reached skill level 4 in Dodging
  2390 | D:10     | Entered Level 10 of the Dungeon
  2434 | D:10     | Noticed a gargoyle
  2440 | D:10     | Noticed a kobold demonologist
  2479 | D:10     | Reached skill level 5 in Armour
  2479 | D:10     | Reached skill level 5 in Dodging
  2479 | D:10     | Reached skill level 1 in Shields
  2490 | D:10     | Found a runed translucent gate.
  2490 | D:10     | Found a runed translucent gate.
  2490 | D:10     | Found a runed translucent gate.
  2491 | D:10     | Found an opulent altar of Gozag.
  2536 | D:10     | Noticed an obsidian statue
  2536 | D:10     | Noticed a two-headed ogre
  2536 | D:10     | Noticed a rakshasa
  2537 | D:10     | Noticed an ogre mage
  2538 | D:10     | Noticed sastreii's ghost (journeyman DrHu)
  2540 | D:10     | Noticed a boulder beetle
  2583 | D:10     | Found a radiant altar of Vehumet.
  2633 | D:10     | Noticed a manticore
  2646 | D:10     | Reached skill level 2 in Shields
  2657 | D:10     | HP: 13/58 [orc warrior/+0 trident (7)]
  2662 | D:10     | Killed a manticore
  2663 | D:10     | HP: 11/58 [orc warrior/+0 trident (3)]
  2669 | D:11     | Noticed a gargoyle
  2673 | D:11     | Noticed a boulder beetle
  2676 | D:11     | Killed a gargoyle
  2677 | D:11     | Reached XP level 11. HP: 26/62 MP: 9/12
  2690 | D:11     | Killed a boulder beetle
  2691 | D:11     | Reached skill level 3 in Shields
  2809 | D:11     | Reached skill level 6 in Armour
  2842 | D:11     | Reached skill level 6 in Dodging
  2948 | D:11     | Noticed a wizard
  2961 | D:11     | Killed a wizard
  2962 | D:11     | Reached skill level 4 in Shields
  2983 | D:11     | Found a staircase to the Orcish Mines.
  3024 | D:11     | Noticed a cyclops
  3038 | D:11     | Killed a cyclops
  3091 | D:10     | Found the amulet of the Four Winds {rN+ Will+++ Clar}
  3186 | D:10     | Noticed a two-headed ogre
  3195 | D:10     | Killed a two-headed ogre
  3207 | D:10     | Reached skill level 5 in Shields
  3223 | D:10     | Reached ***** piety under Trog
  3229 | D:10     | You add the spells Spider Form, Summon Mana Viper and
                  | Alistair's Intoxication to your library.
  3229 | D:10     | Got the Tractate on Hexing Shapes {forbidden}
  3511 | D:9      | Reached skill level 7 in Armour
  3636 | D:8      | You pick up a book of Frost {forbidden} and begin
                  | reading...
  3636 | D:8      | You add the spells Freeze, Frozen Ramparts and Hailstorm to
                  | your library.
  3652 | D:8      | Received a gift from Trog
  3663 | D:8      | Reached skill level 7 in Dodging
  3722 | D:8      | Found Fergh's Armour Shop.
  3731 | D:8      | Found a staircase to the Lair.
  3739 | Lair:1   | Entered Level 1 of the Lair of Beasts
  3797 | Lair:1   | Reached skill level 10 in Fighting
  3847 | Lair:1   | Reached XP level 12. HP: 60/67 MP: 13/13
  3932 | Lair:1   | Noticed Nergalle
  3945 | Lair:1   | Killed Nergalle
  4035 | Lair:1   | Reached skill level 11 in Fighting
  4056 | Lair:1   | Found a frozen archway.
  4098 | Lair:1   | Identified the +0 ring mail of the Spider Nest {Drain rPois
                  | rC+}
  4169 | IceCv    | Entered an ice cave
  4211 | IceCv    | Noticed a quicksilver ooze
  4222 | IceCv    | Killed a quicksilver ooze
  4300 | IceCv    | Reached skill level 12 in Fighting
  4306 | IceCv    | HP: 26/106 [slime creature (5)]
  4396 | IceCv    | Noticed a quicksilver ooze
  4402 | IceCv    | Killed a quicksilver ooze
  4447 | IceCv    | HP: 14/72 [slime creature (7)]
  4517 | IceCv    | Reached skill level 13 in Fighting
  4550 | IceCv    | Found a viscous altar of Jiyva.
  4550 | IceCv    | Noticed an azure jelly
  4562 | IceCv    | Killed an azure jelly
  4567 | IceCv    | Noticed a quicksilver ooze
  4570 | IceCv    | Killed a quicksilver ooze
  4579 | IceCv    | Identified the +0 leather armour of Mufup {Fly rF- Str+9
                  | Int-5}
  4588 | IceCv    | Got the ring "Nalus" {rF+ rC+ Int+5 Dex+3 Slay-5}
  4766 | Lair:2   | Found a gate leading to a gauntlet.
  4776 | Gauntlet | Entered a Gauntlet
  4776 | Gauntlet | Noticed a soul eater
  4776 | Gauntlet | Found a transporter.
  4776 | Gauntlet | Found a transporter.
  4780 | Gauntlet | Found a transporter.
  4780 | Gauntlet | Found a transporter.
  4796 | Gauntlet | Found a transporter.
  4807 | Gauntlet | Found a transporter.
  4810 | Gauntlet | Found a transporter.
  4810 | Gauntlet | Found a transporter.
  4813 | Gauntlet | Found a transporter.
  4851 | Gauntlet | Found a transporter.
  4886 | Gauntlet | Noticed a deep elf knight
  4902 | Gauntlet | Reached XP level 13. HP: 77/77 MP: 14/14
  4918 | Gauntlet | Found a transporter.
  4953 | Gauntlet | Identified the ring "Reaproprul" {Contam rElec Dex+6 SInv
                  | Stlth+}
  4966 | Gauntlet | Found a transporter.
  4986 | Gauntlet | HP: 24/117 [meliai/divine providence (11)]
  4992 | Gauntlet | Reached skill level 14 in Fighting
  4999 | Gauntlet | Identified the amulet "Xemieji" {Spirit -Cast rC+ rCorr}
  5059 | Gauntlet | Noticed a minotaur
  5077 | Gauntlet | Killed a minotaur
  5261 | Lair:3   | Found a bloodstained altar of Trog.
  5268 | Lair:3   | Found a staircase to the Snake Pit.
  5320 | Lair:3   | Reached skill level 8 in Dodging
  5381 | Lair:4   | Reached skill level 9 in Dodging
  5660 | Lair:4   | HP: 29/118 [seven-headed hydra (3)]
  5664 | Lair:4   | Reached skill level 10 in Dodging
  5895 | Lair:5   | Entered Level 5 of the Lair of Beasts
  6048 | Lair:5   | Reached skill level 11 in Dodging
  6081 | Lair:5   | Reached XP level 14. HP: 78/84 MP: 15/15
  6287 | Lair:5   | Reached skill level 12 in Dodging
  6735 | Lair:5   | Found a runed translucent door.
  6737 | Lair:5   | Noticed an acid blob
  6750 | Lair:5   | Found a staircase to the Slime Pits.
  6750 | Lair:5   | Noticed an acid blob
  6750 | Lair:5   | Noticed an acid blob
  6921 | Lair:3   | Found a staircase to the Shoals.
  7037 | Lair:2   | Reached skill level 13 in Dodging
  7194 | Orc:1    | Entered Level 1 of the Orcish Mines
  7274 | Orc:2    | Entered Level 2 of the Orcish Mines
  7337 | Orc:2    | Found Sugim's Book Shoppe.
  7441 | Orc:2    | Received a gift from Trog
  7523 | Orc:2    | Found Semoz's Distillery.
  7554 | Orc:2    | Found Porago Piud's General Store.
  7784 | Orc:2    | Reached skill level 14 in Dodging
  7854 | Orc:2    | Found a staircase to the Elven Halls.
  7929 | Orc:2    | Reached XP level 15. HP: 80/88 MP: 16/16
  7964 | Orc:2    | Found Waycwo Uducw's Jewellery Shoppe.
  7964 | Orc:2    | Found a one-way gate leading to the halls of Pandemonium.
  7964 | Orc:2    | Found Qaomoax's Antique Weapon Emporium.
  7980 | Orc:2    | magus.rc [v1.9.6]
  8009 | Orc:2    | Bought a potion of mutation for 88 gold pieces
  8009 | Orc:2    | Bought a potion of haste for 110 gold pieces
  8009 | Orc:2    | Bought a potion of might for 44 gold pieces
  8009 | Orc:2    | Gained mutation: You are occasionally teleported next to
                  | monsters. [potion of mutation]
  8009 | Orc:2    | Gained mutation: You have a pair of small horns on your
                  | head. [potion of mutation]
  8010 | Orc:2    | Lost mutation: You have a pair of small horns on your head.
                  | [potion of mutation]
  8010 | Orc:2    | Lost mutation: You are occasionally teleported next to
                  | monsters. [potion of mutation]
  8010 | Orc:2    | Gained mutation: You have a pair of small horns on your
                  | head. [potion of mutation]
  8033 | Elf:1    | Entered Level 1 of the Elven Halls
  8101 | Elf:1    | Received a gift from Trog
  8127 | Elf:1    | Reached skill level 9 in Short Blades
  8526 | Elf:1    | Reached skill level 10 in Short Blades
  8679 | Elf:1    | Reached skill level 11 in Short Blades
  8820 | Elf:2    | Paralysed by an air elemental for 1 turns
  8889 | Elf:2    | HP: 21/88 [deep elf knight/lance of force (23)]
  9059 | Elf:1    | Reached skill level 12 in Short Blades
  9370 | Snake:1  | Entered Level 1 of the Snake Pit
  9483 | Lair:3   | Reached skill level 1 in Stealth
  9496 | Snake:1  | Reached skill level 2 in Stealth
  9504 | Snake:1  | Reached skill level 3 in Stealth
  9514 | Snake:1  | Received a gift from Trog
  9547 | Snake:1  | Reached skill level 4 in Stealth
  9668 | Snake:1  | Reached skill level 5 in Stealth
  9677 | Snake:1  | HP: 31/132 [naga sharpshooter/bolt (13)]
  9700 | Snake:1  | Reached skill level 6 in Stealth
  9811 | Snake:1  | Reached XP level 16. HP: 76/93 MP: 12/17
  9910 | Snake:3  | Reached skill level 7 in Stealth
 10074 | Snake:3  | Reached skill level 8 in Stealth
 10188 | Snake:4  | Entered Level 4 of the Snake Pit
 10188 | Snake:4  | Noticed Elinuc's ghost (adept DEHW)
 10221 | Snake:3  | Reached skill level 9 in Stealth
 10331 | Snake:4  | Reached skill level 10 in Stealth
 10395 | Snake:4  | Found a runed translucent gate.
 10395 | Snake:4  | Found a runed translucent gate.
 10396 | Snake:4  | Found a runed translucent gate.
 10409 | Snake:4  | Reached skill level 11 in Stealth
 10429 | Snake:4  | HP: 21/93 [salamander/+0 trident (10)]
 10434 | Snake:4  | HP: 21/93 [poisoned by a naga (splash of poison)]
 10555 | Snake:4  | Reached skill level 12 in Stealth
 10693 | Snake:4  | Reached skill level 13 in Stealth
 10761 | Snake:4  | HP: 21/93 [shock serpent/bolt of electricity (4)]
 10762 | Snake:4  | Received a gift from Trog
 10889 | Snake:4  | Reached skill level 14 in Stealth
 10903 | Snake:4  | Noticed a nagaraja
 10903 | Snake:4  | Noticed a nagaraja
 10914 | Snake:4  | Noticed a nagaraja
 10914 | Snake:4  | HP: 21/93 [nagaraja/bolt of poison (6)]
 10915 | Snake:4  | Noticed a nagaraja
 10915 | Snake:4  | Noticed Vashnia
 10918 | Snake:4  | Killed from afar by a salamander tyrant

Vanquished Creatures
  An azure jelly (IceCv)
  2 quicksilver oozes (IceCv)
  A minotaur (Gauntlet)
  A deep elf death mage (Elf:1)
  A hydra (Lair:4)
  2 boulder beetles
  A demonspawn (Orc:2)
  6 anacondas
  A dancing weapon (Elf:1)
  2 two-headed ogres
  7 death yaks
  4 naga warriors
  4 orc high priests (Orc:2)
  A shock serpent (Snake:4)
  18 naga sharpshooters
  6 deep elf knights
  Nergalle (Lair:1)
  3 skysharks
  3 naga ritualists
  4 mana vipers
  A wizard (D:11)
  2 necromancers (Elf:1)
  3 deep elf archers (Elf:1)
  3 harpies (Lair:3)
  11 deep elf zephyrmancers
  19 deep elf pyromancers
  7 orc knights
  A manticore (D:10)
  8 orc sorcerers (Orc:2)
  2 salamanders (Snake:4)
  A cyclops (D:11)
  Maurice (D:8)
  2 worldbinders (Gauntlet)
  3 guardian serpents (Snake:4)
  14 black mambas
  5 elephants (Lair:4)
  A smoke demon (Orc:2)
  8 naga magi
  An ice statue (IceCv)
  A gargoyle (D:11)
  An orange demon (Orc:2)
  7 cane toads
  A rime drake (Lair:1)
  A torpor snail (Lair:5)
  4 komodo dragons
  A kobold demonologist (D:11)
  5 trolls
  3 meliai (Gauntlet)
  11 polar bears
  3 raiju (Lair:5)
  A dream sheep (Lair:5)
  9 blink frogs
  An air elemental (Elf:2)
  12 slime creatures (IceCv)
  A water elemental (Elf:2)
  18 yaks
  3 large abominations (Elf:1)
  3 shadows (D:10)
  A wraith (D:11)
  4 wyverns
  3 fire elementals (Elf:1)
  4 basilisks
  A chaos spawn (Orc:2)
  3 steam dragons
  9 wargs
  23 nagas
  12 hell hounds (Lair:5)
  10 water moccasins
  24 orc warriors
  3 great orb of eyes simulacra (IceCv)
  11 black bears (Lair:5)
  2 ogres
  6 boggarts
  18 wolves
  4 kobold brigands
  5 elf zombies (Elf:1)
  6 gnoll sergeants
  7 bullfrogs
  An earth elemental (Elf:1)
  2 scorpions
  2 glowing shapeshifter simulacra (IceCv)
  8 wights
  16 killer bees
  2 howler monkeys (D:10)
  5 hounds
  12 orc priests
  2 gnoll boudas (D:9)
  4 hell rats (Lair:1)
  A sleepcap (D:5)
  Terence (D:3)
  An iguana (D:4)
  21 orc wizards
  2 shapeshifter simulacra (IceCv)
  14 gnolls (D:9)
  2 adders (D:3)
  12 white imps (Lair:1)
  2 dart slugs
  61 orcs
  A bat (D:1)
  An endoplasm (D:1)
  A giant cockroach (D:4)
  5 goblins
  6 hobgoblins
  2 jackals
  4 ball pythons
  A frilled lizard (D:3)
  19 kobolds
  2 rats
617 creatures vanquished.

Vanquished Creatures (collateral kills)
  A quicksilver ooze (IceCv)
  A dancing weapon (Elf:2)
  A shock serpent (Snake:4)
  An orc high priest (Elf:2)
  A black mamba (Snake:4)
  A guardian serpent (Snake:4)
  A cane toad (Lair:5)
  An orange demon (Orc:2)
  A gargoyle (D:11)
  A komodo dragon (Lair:4)
  A polar bear (Lair:4)
  A blink frog (Lair:4)
  5 yaks
  A chaos spawn (Orc:2)
  A warg (Elf:2)
  8 orc warriors (Orc:2)
  2 wolves (Lair:1)
  3 orc priests (Orc:2)
  12 orcs (Orc:2)
44 creatures vanquished.

Vanquished Creatures (others)
  A deep elf knight (Elf:1)
  A boggart (D:10)
  2 orcs (Elf:2)
  18 demonic plants (Gauntlet)
  14 fungi
  40 plants
  2 withered plants (D:5)
78 creatures vanquished.

Grand Total: 739 creatures vanquished

Table legend:
 A = Non-vault XP
 B = Vault XP
 C = Vault XP percentage of total XP
 D = Non-vault monster count
 E = Vault monster count
 F = Vault count percentage of total count
                 A         B        C        D         E       F
            +---------+---------+-------+---------+---------+-------
      Total |  106311 |   58280 |  35.4 |     403 |     259 |  39.1
            +---------+---------+-------+---------+---------+-------
        D:1 |       9 |       0 |   0.0 |       5 |       0 |   0.0
        D:2 |       5 |       0 |   0.0 |       3 |       0 |   0.0
        D:3 |     169 |      36 |  17.6 |      15 |       1 |   6.2
        D:4 |     207 |       0 |   0.0 |      12 |       0 |   0.0
        D:5 |      87 |       0 |   0.0 |       6 |       0 |   0.0
        D:6 |     211 |      40 |  15.9 |       5 |       4 |  44.4
        D:7 |     381 |       0 |   0.0 |       4 |       0 |   0.0
        D:8 |    1297 |     494 |  27.6 |      20 |       6 |  23.1
        D:9 |    1329 |     922 |  41.0 |      23 |      26 |  53.1
       D:10 |    1976 |    3267 |  62.3 |      26 |      14 |  35.0
       D:11 |    3965 |       0 |   0.0 |      13 |       0 |   0.0
     Lair:1 |    5229 |     895 |  14.6 |      26 |      13 |  33.3
     Lair:2 |     448 |       0 |   0.0 |       3 |       0 |   0.0
     Lair:3 |    6750 |    1937 |  22.3 |      10 |       4 |  28.6
     Lair:4 |    8516 |     571 |   6.3 |      26 |       2 |   7.1
     Lair:5 |    7606 |   10476 |  57.9 |      27 |      58 |  68.2
    Snake:1 |    9280 |       0 |   0.0 |      22 |       0 |   0.0
    Snake:3 |   10194 |       0 |   0.0 |      20 |       0 |   0.0
    Snake:4 |   18782 |    6438 |  25.5 |      36 |      10 |  21.7
      Orc:1 |     345 |       0 |   0.0 |      12 |       0 |   0.0
      Orc:2 |    4078 |   14260 |  77.8 |      42 |      59 |  58.4
      Elf:1 |   19836 |    5028 |  20.2 |      35 |      14 |  28.6
      Elf:2 |    5366 |       0 |   0.0 |      11 |       0 |   0.0
     Bailey |       0 |    2171 | 100.0 |       0 |      15 | 100.0
      IceCv |     245 |    8410 |  97.2 |       1 |      23 |  95.8
   Gauntlet |       0 |    3335 | 100.0 |       0 |      10 | 100.0
            +---------+---------+-------+---------+---------+-------

Skill      XL: |  1  2  3  4  5  6  7  8  9 10 11 12 13 14 15 16 |
---------------+-------------------------------------------------+-----
Short Blades   | 3 4 5 7 8 12 | 12.0
Fighting       | 4 7 9 10 13 14 | 14.0
Armour         | 2 5 7 |  7.1
Dodging        | 2 5 7 11 14 | 14.5
Shields        | 2 5 |  5.5
Stealth        | 6 14 | 14.0

Action                     |  1- 3 |  4- 6 |  7- 9 | 10-12 | 13-15 | 16-18 || total
---------------------------+-------+-------+-------+-------+-------+-------++-------
  Melee: Short sword       |    49 |       |       |       |       |       ||    49
         Bite              |    13 |    30 |    45 |   358 |   750 |   150 ||  1346
         Dagger            |       |    97 |   166 |   807 |  1172 |       ||  2242
         Rapier            |       |       |       |       |   386 |   323 ||   709
         Headbutt          |       |       |       |       |   139 |   101 ||   240
  Throw: Dart              |       |       |       |     3 |       |       ||     3
 Invoke: Berserk           |     2 |     1 |     7 |     6 |    12 |     2 ||    30
         Brothers in Arms  |       |       |       |     4 |     8 |     2 ||    14
         Trog's Hand       |       |       |       |       |     1 |     4 ||     5
  Evoke: Wand              |       |       |    13 |     3 |     3 |       ||    19
    Use: Scroll            |       |       |     1 |    10 |    12 |    11 ||    34
         Potion            |       |       |       |       |     2 |     4 ||     6
   Stab: Sleeping          |     1 |       |       |     2 |     7 |     8 ||    18
         Paralysed         |       |       |     1 |       |       |       ||     1
         Distracted        |       |       |       |       |     3 |       ||     3
 Armour: Animal skin       |     2 |       |       |       |       |       ||     2
         Chain mail        |     5 |    49 |    43 |       |       |       ||    97
         Scale mail        |       |       |    16 |   156 |       |       ||   172
         Ring mail         |       |       |       |    21 |   244 |    39 ||   304
  Dodge: Dodged            |    19 |    37 |    74 |   303 |  1116 |   242 ||  1791
  Block: Buckler           |    10 |    10 |    26 |   153 |   464 |   112 ||   775

Illustrated notes

Table legend:
 A = Kills in this place as a percentage of kills in the entire game.
 B = Kills by you in this place as a percentage of kills by you in the entire game.
 C = Kills by friends in this place as a percentage of kills by friends in the entire game.
 D = Other kills in this place as a percentage of other kills in the entire game.
 E = Experience gained in this place as a percentage of experience gained in the entire game.
 F = Experience gained in this place divided by the number of levels of this place that you have seen.
                   A       B       C       D       E      F
               +-------+-------+-------+-------+-------+----------------------
         Total | 100.0 | 100.0 | 100.0 | 100.0 | 100.0 | 5878.2
       Dungeon |  27.6 |  29.3 |   2.3 | 100.0 |   8.7 | 1308.6
          Lair |  25.5 |  25.6 |  25.0 |   0.0 |  25.8 | 8485.6
     Snake Pit |  13.3 |  13.8 |   6.8 |   0.0 |  27.2 | 11173.5
  Orcish Mines |  17.1 |  14.3 |  56.8 |   0.0 |  11.4 | 9341.5
   Elven Halls |   9.1 |   9.2 |   6.8 |   0.0 |  18.4 | 15115.0
        Bailey |   2.3 |   2.4 |   0.0 |   0.0 |   1.3 | 2171.0
      Ice Cave |   3.6 |   3.7 |   2.3 |   0.0 |   5.3 | 8655.0
      Gauntlet |   1.5 |   1.6 |   0.0 |   0.0 |   2.0 | 3335.0
               +-------+-------+-------+-------+-------+----------------------

Table legend: (Time is in decaauts)
 A = Elapsed time spent in this place.
 B = Non-inter-level travel time spent in this place.
 C = Inter-level travel time spent in this place.
 D = Time resting spent in this place.
 E = Time spent auto-exploring this place.
 F = Levels seen in this place.
 G = Mean time per level.
                   A        B        C        D        E       F      G
               +--------+--------+--------+--------+--------+-----+--------+
         Total |  10112 |   8738 |   1374 |    420 |      0 |  28 |  361.1 |
       Dungeon |   3552 |   2851 |    701 |      0 |      0 |  11 |  322.9 |
        Temple |      1 |      1 |      0 |      0 |      0 |   1 |    1.0 |
          Lair |   2373 |   2030 |    343 |     17 |      0 |   5 |  474.6 |
     Snake Pit |   1398 |   1281 |    117 |      0 |      0 |   4 |  349.5 |
  Orcish Mines |    728 |    585 |    143 |      0 |      0 |   2 |  364.0 |
   Elven Halls |    977 |    909 |     68 |    288 |      0 |   2 |  488.5 |
        Bailey |    283 |    283 |      0 |      0 |      0 |   1 |  283.0 |
      Ice Cave |    491 |    491 |      0 |     93 |      0 |   1 |  491.0 |
      Gauntlet |    305 |    305 |      0 |     22 |      0 |   1 |  305.0 |
               +--------+--------+--------+--------+--------+-----+--------+

Top non-repeatable levels by time:
   Elf:1: 897 daAuts
  Lair:5: 809 daAuts
    D:10: 676 daAuts
   Orc:2: 651 daAuts
     D:9: 531 daAuts
     D:8: 530 daAuts
 Snake:4: 507 daAuts
  Lair:4: 497 daAuts
  Lair:1: 495 daAuts
   IceCv: 491 daAuts
     D:3: 483 daAuts
 Snake:3: 439 daAuts
 Snake:1: 438 daAuts
    D:11: 407 daAuts
  Lair:3: 363 daAuts
